 Dungeon Crawl Stone Soup version 0.20.1-1-g8b1a95d (webtiles) character file.

109 InappropriateContent the Shield-Bearer (level 4, -1/29 HPs)
             Began as a Gargoyle Fighter on Nov 27, 2017.
             Was an Initiate of the Shining One.
             Killed by divine providence
             ... invoked by an orc priest
              (16 damage)
             ... on level 3 of the Dungeon.
             The game lasted 00:08:36 (1775 turns).

InappropriateContent the Shield-Bearer (GrFi)       Turns: 1775, Time: 00:08:39

Health: -1/29      AC: 10    Str: 21    XL:     4   Next: 90%
Magic:  4/4        EV:  7    Int:  8    God:    the Shining One [......]
Gold:   97         SH:  9    Dex:  9    Spells: 3/3 levels left

rFire    . . .     SeeInvis .   a - +0 long sword
rCold    . . .     Gourm    .   c - +0 shield
rNeg     + . .     Faith    .   b - +0 scale mail
rPois    ∞         Spirit   .   (no helmet)
rElec    +         Reflect  .   (no cloak)
rCorr    .         Harm     .   (no gloves)
MR       .....                  (no boots)
Stlth    ..........             (no amulet)
Regen    0.1/turn               (no ring)
MPRegen  0.1/turn               (no ring)

@: glowing
A: negative energy resistance 1, electricity resistance, unbreathing,
petrification resistance, rot immunity, AC +3
a: Renounce Religion


You were on level 3 of the Dungeon.
You worshipped the Shining One.
The Shining One was noncommittal.
You were not hungry.

You visited 1 branch of the dungeon, and saw 3 of its levels.

You collected 97 gold pieces.

Inventory:

Hand Weapons
 a - a +0 long sword (weapon)
Armour
 b - a +0 scale mail (worn)
 c - a +0 shield (worn)
Jewellery
 p - a +3 ring of dexterity {unknown}
Scrolls
 e - 7 scrolls of identify {unknown}
 h - 3 scrolls of remove curse {unknown}
 j - a scroll of enchant armour {unknown}
 l - a scroll of amnesia {unknown}
 m - 2 scrolls of fear {unknown}
 n - 4 scrolls of teleportation {unknown}
Potions
 d - a potion of might
 k - 2 potions of haste {unknown}
 o - 2 potions of lignification {unknown}
 q - a potion of mutation {unknown}
 r - a potion of curing {unknown}
Comestibles
 f - 2 bread rations
 g - 2 fruits
 i - 3 meat rations
 s - 4 chunks of flesh


   Skills:
 * Level 3.7 Fighting
 * Level 3.4 Long Blades
 - Level 3.4 Armour
 + Level 4.2 Shields


You had 3 spell levels left.
You didn't know any spells.

Dungeon Overview and Level Annotations

Branches:
Dungeon (3/15)

Altars:
The Shining One


Innate Abilities, Weirdness & Mutations

You are resistant to torment.
Your stone body is resilient. (AC +3)
You are immune to poison.
You resist negative energy. (rN+)
You are resistant to electric shocks. (rElec)
You can survive without breathing.
You are immune to petrification.
You are immune to rotting.


Message History

The orc priest is severely wounded.
You hear a shout!
The orc priest hits you but does no damage.
You barely miss the orc priest.
The orc priest is severely wounded.
The orc priest hits you but does no damage.
You block the orc priest's attack.
You hit the orc priest but do no damage.
The orc priest is severely wounded.
The orc priest hits you but does no damage.
You completely miss the orc priest.
The orc priest is severely wounded.
You block the orc priest's attack.
You closely miss the orc priest.
The orc priest is severely wounded.
The orc priest hits you.
The orc priest invokes the aid of Beogh against you.
Beogh smites you!
Ouch! That really hurt!
You die...

#####...>...# .#
#......####.# #.#
#.###..# #.# #.#
#.###..####.# #.####
#.#.......#.###....
#.#.#..##.#.##...##
#.#.#..#.#..#.....#
###.......###.##...#####
#....)...## ##@o.......#
#
#.###.#.#.###.###..###..r
# #.# #...##.#.##
#........ # #.#
##..###.## #J#####.# #
#.# #..# ### .o. #
#.####..# ..... #
#.......## o......
########...####........%
..............+..o......+


You could see an orc priest.

Vanquished Creatures
  An adder (D:3)
  3 gnolls (D:2)
  2 oozes
  A dart slug (D:2)
  2 leopard geckos (D:2)
  2 orcs (D:3)
  4 bats
  13 giant cockroaches
  9 goblins
  4 hobgoblins (D:1)
  2 jackals (D:1)
  A frilled lizard (D:2)
  A kobold (D:2)
  7 rats
52 creatures vanquished.

Notes
Turn   | Place    | Note
-------+----------+-------------------------------------------
     0 | D:1      | InappropriateContent the Gargoyle Fighter began the quest for the Orb.
     0 | D:1      | Reached XP level 1. HP: 14/14 MP: 1/1
   122 | D:1      | Reached XP level 2. HP: 18/19 MP: 2/2
   661 | D:1      | Reached XP level 3. HP: 22/23 MP: 3/3
  1108 | D:2      | Found a glowing golden altar of the Shining One.
  1119 | D:2      | Became a worshipper of the Shining One
  1200 | D:2      | Reached skill level 4 in Shields
  1200 | D:2      | Reached XP level 4. HP: 17/29 MP: 4/4
  1775 | D:3      | Killed from afar by an orc priest

Skill      XL: |  1  2  3 |
---------------+----------+-----
Long Blades    | 2 3 |  3.4
Shields        | 4 |  4.2
Fighting       | |  3.7
Armour         | |  3.4

Action                   |  1- 3 |  4- 6 || total
-------------------------+-------+-------++-------
Melee: Long sword        |   155 |    34 ||   189
  Eat: Chunk             |     1 |     1 ||     2
       Fruit             |       |     1 ||     1
Armor: Scale mail        |    94 |    10 ||   104
Dodge: Dodged            |    64 |     7 ||    71
Block: Shield            |   110 |    17 ||   127
       Rpst.: Long sword |    18 |     4 ||    22
